 Dungeon Crawl Stone Soup version 0.20.1-1-g8b1a95d (webtiles) character file.

17560 Irenicus the Carver (level 12, -3/91 HPs)
             Began as a Formicid Monk on Nov 19, 2017.
             Was the Champion of Cheibriados.
             Slain by a phantasmal warrior (27 damage)
             ... led by a death knight
             ... on level 13 of the Dungeon.
             The game lasted 01:17:56 (7925 turns).

Irenicus the Carver (Formicid Monk)                 Turns: 7925, Time: 01:17:57

Health: -3/91      AC:  8    Str: 30 (31) XL:     12   Next: 84%
Magic:  0/19       EV: 19    Int: 24      God:    Cheibriados [******]
Gold:   400        SH:  7    Dex: 33 (34) Spells: 12/17 levels left

rFire    . . .     SeeInvis +   a - +0 falchion
rCold    + + .     Gourm    .   V - +0 buckler
rNeg     . . .     Faith    .   Z - +0 troll leather armour
rPois    +         Spirit   +   (helmet unavailable)
rElec    .         Reflect  .   m - +0 cloak {+Inv}
rCorr    .         Harm     .   x - +0 pair of gloves
MR       +....                  C - +2 pair of boots
Stlth    ++++......             r - amulet of guardian spirit
Regen    0.7/turn               b - +5 ring of protection
MPRegen  0.2/turn               P - ring of poison resistance

@: corroded, very slightly contaminated, studying Invocations, invisible, very
slow
A: permanent stasis, dig shafts and tunnels, four strong arms, antennae 3,
molten scales 1, agile 1, blurry vision 1, cold resistance 2, deterioration 2,
dopey 1, low mp 1
a: Dig, Shaft Self, Bend Time, Temporal Distortion, Slouch, Step From Time,
Renounce Religion


You were on level 13 of the Dungeon.
You worshipped Cheibriados.
Cheibriados was exalted by your worship.
You were hungry.

You visited 2 branches of the dungeon, and saw 14 of its levels.
You also visited: Sewer.

You collected 400 gold pieces.

Inventory:

Hand Weapons
 a - a +0 falchion (weapon)
 e - a +0 great sword
 s - the +5 quarterstaff "Kahidizui" {freeze, rC- Dex+5}
   (You found it on level 4 of the Dungeon)

   It has been specially enchanted to freeze those struck by it, causing extra
   injury to most foes and up to half again as much damage against particularly
   susceptible opponents.
   It can also slow down cold-blooded creatures.
   It affects your dexterity (+5).
   It makes you vulnerable to cold.
Missiles
 F - 2 exploding tomahawks (quivered)
Armour
 m - a +0 cloak of invisibility (worn)
 x - a +0 pair of gloves (worn)
 C - a +2 pair of boots (worn)
 L - +0 steam dragon scales
 V - a +0 buckler (worn)
 Z - a +0 troll leather armour (worn)
Magical Staves
 d - an uncursed staff of air
 n - an uncursed staff of cold
 D - an uncursed staff of fire
 Q - an uncursed staff of energy
 X - an uncursed staff of conjuration
Jewellery
 b - a +5 ring of protection (left hand)
 r - an amulet of guardian spirit (around neck)
 t - a +3 ring of strength
 v - an uncursed ring of protection from fire
 B - a +3 ring of intelligence
 P - a ring of poison resistance (right hand)
 S - an uncursed ring of ice
 W - an uncursed ring of flight
Wands
 i - a wand of lightning (0/15)
 E - a wand of polymorph (5/24)
 J - a wand of polymorph (12/24)
 O - a wand of enslavement (0/24)
 R - a wand of disintegration (0/24)
 T - a wand of scattershot (0/9)
 U - a wand of digging (21/24)
Scrolls
 g - 3 scrolls of fog
 h - a scroll of enchant armour {unknown}
 j - 8 scrolls of remove curse
 l - 2 scrolls of amnesia {unknown}
 o - 2 scrolls of recharging {unknown}
 u - a scroll of acquirement {unknown}
 y - 2 scrolls of random uselessness {unknown}
 A - 7 scrolls of enchant weapon
Potions
 w - 2 potions of cancellation
 z - 3 potions of curing
 G - 3 potions of magic
 I - 2 potions of resistance
Books
 q - a manual of Invocations
 M - a book of Misfortune

   Spells                             Type                      Level
   a - Confusing Touch                Hexes                        1
   b - Confuse                        Hexes                        3
   c - Gell's Gravitas                Translocation                3
   d - Petrify                        Transmutation/Earth          4
   e - Metabolic Englaciation         Hexes/Ice                    5
   f - Yara's Violent Unravelling     Hexes/Transmutation          5
 Y - a book of Minor Magic

   Spells                             Type                      Level
   a - Magic Dart                     Conjuration                  1
   b - Blink                          Translocation                2
   c - Call Imp                       Summoning                    2
   d - Slow                           Hexes                        2
   e - Conjure Flame                  Conjuration/Fire             3
   f - Mephitic Cloud                 Conjuration/Poison/Air       3
Comestibles
 c - 7 bread rations
 k - 5 meat rations
 p - 2 royal jellies
 H - a fruit


   Skills:
 - Level 7.2 Fighting
 + Level 13.8 Long Blades
 - Level 6.1 Dodging
 - Level 6.1 Stealth
 - Level 3.6 Shields
 - Level 3.2 Spellcasting
 - Level 2.0 Necromancy
 - Level 3.4 Translocations
 - Level 12.2 Invocations
 - Level 4.0 Evocations


You had 12 spell levels left.
You knew the following spells:

 Your Spells              Type           Power        Failure   Level  Hunger
a - Apportation           Tloc           ###...       2%          1    None
b - Animate Skeleton      Necr           N/A          4%          1    None
c - Confuse               Hex            #.......     34%         3    ###....


Dungeon Overview and Level Annotations

Branches:
Dungeon (13/15)            Temple (1/1) D:5            Lair (0/6) D:11
    Orc (0/2) D:9
 Vaults: D:13-14

Altars:
Ashenzari
Cheibriados
Dithmenos
Elyvilon
Fedhas
Gozag
Hepliaklqana
Kikubaaqudgha
Makhleb
Nemelex Xobeh
Okawaru
Qazlal
Ru
Sif Muna
Trog
Uskayaw
Vehumet
Xom
Yredelemnul
Zin
The Shining One

Shops:
D:5 *   D:8 [?[}?

Annotations:
D:6 2 transporters


Innate Abilities, Weirdness & Mutations

You cannot be hasted, slowed, berserked, paralysed or teleported.
You can dig through walls and to a lower floor.
Your four strong arms can wield two-handed weapons with a shield.
You have a pair of large antennae on your head. (SInv)
You are partially covered in molten scales. (AC +2)
You are agile. (Dex +2)
Scrolls take you a little longer to read.
Your flesh is very cold resistant. (rC++)
Your body often deteriorates upon taking damage.
You are dopey. (Int -2)
Your magical capacity is low. (-10% MP)


Message History

A wind drake comes into view.
You slash the jelly!
You kill the jelly!
Cheibriados thoroughly appreciates the change of pace.
The death knight closely misses you.
You riposte.
You strike the helpless death knight from behind!
You hit the death knight.
The death knight is lightly wounded.
The phantasmal warrior hits you!
Your body deteriorates!
You feel weakened.
Are you sure you want to shaft yourself?
You feel somewhat more hungry.
The wind drake changes into a death drake!
The phantasmal warrior hits you!
* * * LOW HITPOINT WARNING * * *
The death knight closely misses you.
You riposte.
You hit the death knight.
The death knight is moderately wounded.
You begin to dig a shaft.
You continue digging a shaft.
The phantasmal warrior hits you!!
You die...

.l>......# ........#
........ ##. ......###
##.. .. $...###... .
#W #.#.#...#
..%.##W##..Q...#
.....>yp@..##..#
....##h##W.....####...
. #. #####k<....... #.
######.... #. # #. #.
#.


You could see a death knight, a death drake shaped shifter (wandering), a tengu
warrior, 2 phantasmal warriors, a howler monkey and a killer bee.

Vanquished Creatures
  Gastronok (D:9)
  A two-headed ogre (D:8)
  The ghost of Frank the Carver, a journeyman OpFi of Dithmenos (D:10)
  Sonja (D:10)
  4 ugly things
  A deep elf mage (D:13)
  The ghost of pstr the Conjurer, a novice KoCj of Xom (D:7)
  A cyclops (D:11)
  Maurice (D:8)
  2 centaur skeletons
  The ghost of bmj180 the Slasher, a novice HuFi (D:5)
  4 kobold demonologists (D:11)
  A komodo dragon (D:12)
  2 trolls
  A slime creature (D:12)
  3 hippogriffs
  Sigmund (D:6)
  6 yaks (D:9)
  A hungry ghost (D:9)
  A steam dragon (D:12)
  An acid dragon (D:12)
  A water moccasin (D:4)
  A soldier ant (D:12)
  Edmund (D:6)
  6 orc warriors
  2 ice beasts (D:6)
  2 sky beasts
  7 ogres
  2 centaurs
  A phantom (D:9)
  A big kobold (D:11)
  Blork the orc (D:5)
  4 bullfrogs
  2 gnoll sergeants
  3 scorpions
  A troll zombie (D:9)
  A water moccasin skeleton (D:10)
  15 killer bees
  11 wights
  2 howler monkeys (D:10)
  4 crimson imps
  2 centaur zombies
  5 hounds
  15 jellies
  4 orc priests
  11 orc wizards
  5 bullfrog skeletons
  4 iguanas
  6 worker ants
  7 ogre zombies (D:9)
  A hound zombie (D:7)
  2 hound skeletons
  A worker ant zombie (D:10)
  11 adders
  6 gnolls
  A howler monkey skeleton (D:5)
  3 shadow imps
  11 oozes (D:12)
  An adder skeleton (D:5)
  2 worms
  9 leopard geckos
  40 orcs
  3 ball pythons
  15 giant cockroaches
  8 goblins
  5 hobgoblins
  10 jackals
  2 quokkas
  A ball python zombie (D:5)
  10 bats
  10 frilled lizards
  2 goblin skeletons (D:9)
  4 goblin zombies (D:9)
  A hobgoblin skeleton (D:9)
  2 hobgoblin zombies (D:9)
  A jackal zombie (D:5)
  18 kobolds
  2 orc skeletons (D:9)
  7 orc zombies (D:9)
  5 rats
357 creatures vanquished.

Vanquished Creatures (collateral kills)
  An orc warrior (D:8)
  A big kobold (D:8)
  A scorpion (D:8)
  A hound (D:8)
  An orc wizard (D:9)
  3 orcs
  A goblin zombie (D:9)
  A hobgoblin zombie (D:9)
  A kobold (D:8)
  2 orc skeletons (D:9)
  2 orc zombies (D:9)
15 creatures vanquished.

Vanquished Creatures (others)
  3 yaks (D:9)
  A worker ant (D:12)
  An orc zombie (D:9)
  4 fungi (D:12)
9 creatures vanquished.

Grand Total: 381 creatures vanquished

Notes
Turn   | Place    | Note
-------+----------+-------------------------------------------
     0 | D:1      | Irenicus the Formicid Monk began the quest for the Orb.
     0 | D:1      | Reached XP level 1. HP: 18/18 MP: 1/1
    93 | D:1      | Reached XP level 2. HP: 3/24 MP: 2/2
   374 | D:1      | Reached skill level 4 in Long Blades
   374 | D:1      | Reached XP level 3. HP: 19/29 MP: 3/3
   801 | D:2      | Found a shadowy altar of Dithmenos.
   867 | D:2      | Reached XP level 4. HP: 8/35 MP: 2/4
  1251 | D:3      | Found an iron altar of Okawaru.
  1272 | D:3      | Reached skill level 5 in Long Blades
  1517 | D:4      | Got a transparent quarterstaff
  1518 | D:4      | Identified the +5 quarterstaff "Kahidizui" {freeze, rC- Dex+5} (You found it on level 4 of the Dungeon)
  1540 | D:4      | Noticed a water moccasin
  1544 | D:4      | Killed a water moccasin
  1544 | D:4      | Reached skill level 6 in Long Blades
  1544 | D:4      | Reached XP level 5. HP: 33/41 MP: 3/5
  1544 | D:4      | Reached XP level 6. HP: 38/47 MP: 3/6
  1664 | D:4      | Reached skill level 7 in Long Blades
  1683 | D:4      | Reached XP level 7. HP: 47/52 MP: 7/7
  1836 | D:4      | Reached skill level 8 in Long Blades
  1943 | D:4      | Found a deep blue altar of Sif Muna.
  2112 | D:4      | Found a glowing drain.
  2117 | Sewer    | Entered a sewer
  2333 | Sewer    | Reached XP level 8. HP: 18/61 MP: 2/8
  2407 | D:5      | Entered Level 5 of the Dungeon
  2519 | D:5      | Noticed bmj180's ghost (novice HuFi)
  2536 | D:5      | Killed bmj180's ghost
  2552 | D:5      | Found a staircase to the Ecumenical Temple.
  2574 | Temple   | Entered the Ecumenical Temple
  2644 | Temple   | Became a worshipper of Cheibriados the Contemplative
  2644 | Temple   | Reached * piety under Cheibriados
  2644 | Temple   | Reached ** piety under Cheibriados
  2746 | D:5      | Noticed Blork the orc
  2762 | D:5      | Killed Blork the orc
  2795 | D:5      | Found a sparkling altar of Nemelex Xobeh.
  2903 | D:5      | Found Kisix's Elemental Accessories.
  3023 | D:5      | Reached skill level 9 in Long Blades
  3180 | D:6      | Reached XP level 9. HP: 72/72 MP: 9/9
  3195 | D:6      | Found a shattered altar of Ashenzari.
  3216 | D:6      | Noticed Sigmund
  3244 | D:6      | Killed Sigmund
  3257 | D:6      | Noticed Edmund
  3284 | D:6      | Killed Edmund
  3296 | D:6      | Found an ancient bone altar of Kikubaaqudgha.
  3298 | D:6      | Found a stormy altar of Qazlal.
  3322 | D:6      | Reached skill level 5 in Dodging
  3343 | D:6      | Noticed a green ugly thing
  3344 | D:6      | Noticed a skeletal warrior
  3345 | D:6      | Found a transporter.
  3360 | D:6      | Found a transporter.
  3388 | D:6      | Reached *** piety under Cheibriados
  3539 | D:6      | Found a stormy altar of Qazlal.
  3663 | D:6      | Gained mutation: Your body sometimes deteriorates upon taking damage. [mutagenic meat]
  3664 | D:6      | Gained mutation: Your flesh is cold resistant. (rC+) [mutagenic meat]
  3665 | D:6      | Gained mutation: Your flesh is very cold resistant. (rC++) [mutagenic meat]
  3730 | D:7      | Gained mutation: Your muscles are strong. (Str +2) [mutagenic meat]
  3733 | D:7      | Gained mutation: You are dopey. (Int -2) [mutagenic meat]
  3812 | D:7      | Reached skill level 10 in Long Blades
  3945 | D:7      | Found a blossoming altar of Fedhas.
  3946 | D:7      | Noticed pstr's ghost (novice KoCj)
  3998 | D:7      | Found a hazy altar of Hepliaklqana.
  4059 | D:7      | Noticed a hippogriff
  4072 | D:7      | Killed a hippogriff
  4072 | D:7      | Reached XP level 10. HP: 30/79 MP: 2/10
  4078 | D:7      | Found a radiant altar of Vehumet.
  4088 | D:7      | Learned a level 1 spell: Apportation
  4326 | D:7      | Killed pstr's ghost
  4412 | D:7      | You fall through a shaft!
  4412 | D:8      | Noticed Maurice
  4430 | D:8      | Killed Maurice
  4430 | D:8      | Reached **** piety under Cheibriados
  4431 | D:8      | Found Xunanturch's Antique Armour Shop.
  4437 | D:8      | Learned a level 1 spell: Animate Skeleton
  4490 | D:8      | Found Kuxautec's Magic Scroll Emporium.
  4499 | D:8      | Found Zopilaech's Gadget Shoppe.
  4513 | D:8      | Reached skill level 1 in Necromancy
  4543 | D:8      | Found Rinkuh's Magic Scroll Boutique.
  4647 | D:8      | Noticed a two-headed ogre
  4662 | D:8      | Killed a two-headed ogre
  4662 | D:8      | Reached skill level 11 in Long Blades
  4903 | D:9      | Reached skill level 1 in Evocations
  4956 | D:9      | Reached ***** piety under Cheibriados
  4963 | D:9      | Noticed Gastronok
  5012 | D:9      | Reached XP level 11. HP: 25/84 MP: 2/15
  5103 | D:8      | Found Xoamuosk's Armour Emporium.
  5258 | D:8      | You fall through a shaft for 2 floors!
  5258 | D:10     | Entered Level 10 of the Dungeon
  5258 | D:10     | Noticed Sonja
  5261 | D:10     | Killed Sonja
  5261 | D:10     | Reached skill level 5 in Stealth
  5302 | D:10     | Reached skill level 1 in Invocations
  5437 | D:10     | Learned a level 3 spell: Confuse
  5655 | D:9      | Noticed a white ugly thing
  5686 | D:9      | Killed a white ugly thing
  5686 | D:9      | Reached skill level 5 in Invocations
  5721 | D:9      | Gained mutation: Your body often deteriorates upon taking damage. [mutagenic meat]
  5875 | D:9      | You fall through a shaft for 2 floors!
  5898 | D:11     | Noticed a cyclops
  5905 | D:11     | Found a staircase to the Lair.
  6040 | D:11     | Noticed a cyan ugly thing
  6047 | D:11     | Reached ****** piety under Cheibriados
  6082 | D:11     | Killed a green ugly thing
  6085 | D:11     | Gained mutation: Your magical capacity is low. (-10% MP) [mutagenic meat]
  6086 | D:11     | Gained mutation: You are partially covered in molten scales. (AC +2) [mutagenic meat]
  6115 | D:11     | Reached skill level 10 in Invocations
  6187 | D:11     | Killed a cyclops
  6285 | D:11     | Reached XP level 12. HP: 50/91 MP: 15/19
  6488 | D:9      | Found a staircase to the Orcish Mines.
  6739 | D:9      | Killed Gastronok
  6739 | D:9      | Reached skill level 12 in Long Blades
  6771 | D:9      | You fall through a shaft for 3 floors!
  6912 | D:11     | Gained mutation: You are agile. (Dex +2) [mutagenic meat]
  6914 | D:11     | Lost mutation: Your muscles are strong. (Str +2) [mutagenic meat]
  6915 | D:11     | Gained mutation: Scrolls take you a little longer to read. [mutagenic meat]
  7049 | D:10     | Noticed Frank's ghost (journeyman OpFi)
  7076 | D:10     | Killed Frank's ghost
  7076 | D:10     | Reached skill level 13 in Long Blades
  7254 | D:10     | You fall through a shaft!
  7525 | D:12     | Reached skill level 1 in Shields
  7740 | D:12     | Noticed a seven-headed hydra
  7836 | D:13     | Noticed a death knight
  7920 | D:13     | Noticed a tengu warrior
  7924 | D:13     | Noticed a death drake
  7924 | D:13     | a wind drake changed into a death drake
  7925 | D:13     | Slain by a phantasmal warrior

Skill      XL: |  1  2  3  4  5  6  7  8  9 10 11 12 |
---------------+-------------------------------------+-----
Long Blades    | 4 6 7 8 9 10 11 13 | 13.8
Fighting       | 4 7 |  7.2
Dodging        | 6 |  6.1
Translocations | 3 |  3.4
Spellcasting   | 3 |  3.2
Necromancy     | 2 |  2.0
Evocations     | 3 4 |  4.0
Stealth        | 6 |  6.1
Invocations    | 12 | 12.2
Shields        | 3 |  3.6

Action                   |  1- 3 |  4- 6 |  7- 9 | 10-12 || total
-------------------------+-------+-------+-------+-------++-------
Melee: Falchion          |    75 |    52 |   295 |  1031 ||  1453
       Dagger            |    46 |     5 |       |       ||    51
       Quarterstaff      |       |    22 |   114 |       ||   136
Throw: Tomahawk          |       |       |       |     2 ||     2
 Cast: Animate Skeleton  |       |       |       |     8 ||     8
       Apportation       |       |       |       |    13 ||    13
Invok: Slouch            |       |       |       |     3 ||     3
       Bend Time         |       |       |       |     2 ||     2
 Abil: Dig               |    17 |     2 |    28 |    26 ||    73
       Shaft Self        |       |       |       |     6 ||     6
       Evoke Invisibilit |       |       |       |     9 ||     9
Evoke: Wand              |       |       |       |    22 ||    22
  Use: Potion            |     1 |       |     1 |    10 ||    12
       Scroll            |       |     5 |     5 |     5 ||    15
 Stab: Sleeping          |     2 |     2 |     6 |     8 ||    18
       Distracted        |       |       |       |     7 ||     7
       Invisible         |       |       |       |    47 ||    47
  Eat: Fruit             |     3 |       |     8 |     3 ||    14
       Chunk             |       |     4 |     9 |    12 ||    25
       Royal jelly       |       |       |     1 |     2 ||     3
       Meat ration       |       |       |       |     1 ||     1
Armor: Robe              |    14 |       |       |       ||    14
       Leather armour    |     7 |    17 |   127 |     9 ||   160
       Ring mail         |       |       |       |   127 ||   127
       Skin              |       |       |       |    14 ||    14
       Troll leather arm |       |       |       |    85 ||    85
Dodge: Dodged            |    65 |    51 |   333 |   737 ||  1186
Block: Buckler           |       |       |       |    30 ||    30
       Rpst.: Falchion   |    11 |    12 |    69 |   210 ||   302
